 Dungeon Crawl Stone Soup version 0.27.1-33-g824d729ab1 (webtiles) character file.

Game seed: 6287059341466276778

39 Zeus777sb the Covered (level 3, 0/28 (29) HPs)
             Began as a Human Fighter on Dec 20, 2021.
             Succumbed to Crazy Yiuf's poison
             ... on level 2 of the Dungeon.
             The game lasted 00:09:55 (1961 turns).

Zeus777sb the Covered (Human Fighter)               Turns: 1961, Time: 00:09:55

HP:   0/28 (29)     AC:  9    Str: 17    XL:     3   Next: 70%
MP:   0/3           EV:  4    Int:  8    God:
Gold: 95            SH:  9    Dex: 12    Spells: 2/2 levels left

rFire    . . .     SeeInvis +   a - +0 long sword
rCold    . . .     Faith    .   c - +0 kite shield
rNeg     . . .     Spirit   .   p - +0 chain mail
rPois    .         Reflect  .   (no helmet)
rElec    .         Harm     .   (no cloak)
rCorr    .         Rampage  .   (no gloves)
Will     .....                  (no boots)
Stlth    ..........             (no amulet)
HPRegen  0.09/turn              l - ring of see invisible
MPRegen  0.08/turn              (no ring)

@: lethally poisoned (0 -> -3), very slightly contaminated, lightly drained,
invisible
A: no striking features
a: no special abilities


You were on level 2 of the Dungeon.
You visited 1 branch of the dungeon, and saw 2 of its levels.

You collected 95 gold pieces.

Inventory:

Hand Weapons
 a - a +0 long sword (weapon)
Missiles
 f - 2 throwing nets (quivered)
Armour
 b - a +0 scale mail
 c - a +0 kite shield (worn)
 e - a +0 ring mail
 p - a +0 chain mail (worn)
Jewellery
 j - a ring of wizardry
 l - a ring of see invisible (left hand)
Wands
 n - a wand of iceblast (8)
Scrolls
 g - 2 scrolls of identify {unknown}
 i - a scroll of enchant armour {unknown}
 k - a scroll of enchant weapon {unknown}
 m - a scroll of blinking {unknown}
Potions
 d - a potion of might
 h - a potion of curing {unknown}
 o - a potion of heal wounds {unknown}


   Skills:
 + Level 3.2 Fighting
 * Level 2.6 Long Blades
 + Level 3.4 Armour
 + Level 3.3 Shields


You had 2 spell levels left.
You didn't know any spells.
Your spell library was empty.

Dungeon Overview and Level Annotations

Branches:
Dungeon (2/15)

Altars:
Nemelex Xobeh

Shops:
D:2 !


Message History

You see here a +0 mace.
You open the door. You barely miss Crazy Yiuf.
Crazy Yiuf says, "Fire Xom alas!"
Crazy Yiuf hits you with a +2 quarterstaff of chaos.
You feel drained. Crazy Yiuf barely misses you.
You riposte.
You slash Crazy Yiuf!
Crazy Yiuf is moderately wounded.
You barely miss Crazy Yiuf.
Crazy Yiuf is moderately wounded.
Crazy Yiuf whimpers, "Citrus down childish!"
Crazy Yiuf barely misses you.
You hit Crazy Yiuf but do no damage.
Crazy Yiuf is moderately wounded.
You block Crazy Yiuf's attack. Crazy Yiuf hits you but does no damage.
You are poisoned.
You slash Crazy Yiuf!
Crazy Yiuf is severely wounded.
You feel very sick.
Crazy Yiuf hits you with a +2 quarterstaff of chaos.
You fade into invisibility!
You are very lightly contaminated with residual magic.
You catch the helpless Crazy Yiuf completely off-guard!
You hit Crazy Yiuf.
Crazy Yiuf is almost dead.
You feel sick.
Crazy Yiuf hits you with a +2 quarterstaff of chaos!
* * * LOW HITPOINT WARNING * * *
You feel your power leaking away.
Crazy Yiuf yells, "Peeping seventy infinity!"
You block Crazy Yiuf's attack.
You closely miss Crazy Yiuf.
Crazy Yiuf is almost dead.
You feel sick.
Crazy Yiuf hits you with a +2 quarterstaff of chaos.
* * * LOW HITPOINT WARNING * * *
Crazy Yiuf draws strength from your wounds!
You slash Crazy Yiuf!
You kill Crazy Yiuf!
You die...

#.# #
##....#
#.# #.#
#..^.#
#.# ...
#....#
#.# ###
##..)#
#.#
##)##
#.#
##)#
###
#)##
##)#
#@##
#)# )))
#)))#
#).)#
#####


There were no monsters in sight!

Vanquished Creatures
  Crazy Yiuf (D:2)
  A worm (D:2)
  3 endoplasms
  A giant cockroach (D:1)
  2 goblins
  6 hobgoblins
  3 quokkas
  3 ball pythons
  2 bats
  4 frilled lizards
  6 kobolds
  5 rats
37 creatures vanquished.

Notes
Turn   | Place    | Note
-------+----------+-------------------------------------------
     0 | D:1      | Zeus777sb the Human Fighter began the quest for the Orb.
     0 | D:1      | Reached XP level 1. HP: 18/18 MP: 1/1
   178 | D:1      | Reached XP level 2. HP: 23/24 MP: 2/2
   858 | D:2      | Reached XP level 3. HP: 28/29 MP: 3/3
   940 | D:2      | Found Koxekig's Distillery.
  1780 | D:2      | Found a sparkling altar of Nemelex Xobeh.
  1950 | D:2      | Found a runed translucent door.
  1951 | D:2      | Noticed Crazy Yiuf
  1961 | D:2      | Killed Crazy Yiuf
  1961 | D:2      | Succumbed to Crazy Yiuf's poison

Illustrated notes

Levels and vault maps discovered:
D:1:      roderic_octagonal_star, layout_loops_ring, nrook_mini_vaults
D:2:      minmay_alternating_diamond, layout_loops_ring, basic_altar,
          serial_shops, nicolae_shop_window_shopping, uniq_crazy_yiuf_cottage

Action                   || total
-------------------------++-------
Melee: Long sword        ||   123
Throw: Throwing net      ||     1
 Stab: Invisible         ||     1
Armor: Scale mail        ||    60
       Chain mail        ||     9
Dodge: Dodged            ||    35
Block: Kite shield       ||    79
       Rpst.: Long sword ||    10
